 Dungeon Crawl Stone Soup version 0.30.0 (webtiles) character file.

Game seed: 11095708659848725445

581 PublicAnimeNo1 the Sneak (level 7, -4/62 HPs)
             Began as a Naga Enchanter on May 12, 2023.
             Was an Initiate of Ru.
             Slain by an orc priest
             ... wielding a +0 trident
              (6 damage)
             ... on level 5 of the Dungeon.
             The game lasted 00:10:44 (3467 turns).

PublicAnimeNo1 the Sneak (Naga Enchanter)           Turns: 3467, Time: 00:10:44

Health: -4/62      AC:  5    Str:  7 (10) XL:     7   Next: 36%
Magic:  10/10      EV:  9    Int: 17 (18) God:    Ru [......]
Gold:   216        SH:  0    Dex:  8 (9)  Spells: 8/10 levels left

rFire   . . .        b - +6 mace "Jeesuteu" {protect, rC+ Dex-2 Stlth+}
rCold   + . .        (no shield)
rNeg    . . .        n - +0 robe
rPois   +            (no helmet)
rElec   .            (no cloak)
rCorr   .            h - +1 pair of gloves
SInv    +            (no barding)
Will    .....        (no amulet)
Stlth   ++++         (no ring)
HPRegen 0.30/turn    (no ring)
MPRegen 0.12/turn

%: no passive effects
@: brilliant, short of breath, very slow
A: AC +2, large, see invisible, deformed body, poison resistance, slowness 2,
spit poison 1, naga tail 1
a: Spit Poison, Renounce Religion


You were on level 5 of the Dungeon.
You worshipped Ru.
Ru was noncommittal.
You visited 1 branch of the dungeon, and saw 5 of its levels.

You collected 216 gold pieces.

Inventory:

Hand Weapons
 a - a +1 dagger
 b - the +6 mace "Jeesuteu" (weapon) {protect, rC+ Dex-2 Stlth+}
   (You found it on level 3 of the Dungeon)

   Dex:       It affects your dexterity (-2).
   rC:        It protects you from cold.
   Stlth:     It makes you more stealthy.
Armour
 h - a +1 pair of gloves (worn)
 n - a +0 robe (worn)
 o - a +2 hat
Jewellery
 e - a ring of ice
 f - a ring of protection from cold
Scrolls
 d - 2 scrolls of enchant weapon
 k - a scroll of magic mapping
 m - a scroll of immolation
 s - a scroll of noise {unknown}
Potions
 i - 3 potions of magic
 j - a potion of curing
 l - a potion of haste
 q - a potion of brilliance


   Skills:
 + Level 3.1 Fighting
 - Level 4.0 Short Blades
 - Level 1.5 Dodging
 + Level 7.0 Stealth
 + Level 2.4 Spellcasting
 * Level 4.6 Hexes
 + Level 1.3 Ice Magic


You had 8 spell levels left.
You knew the following spells:

 Your Spells              Type           Power      Damage    Failure   Level
a - Ensorcelled Hibernat  Hex/Ice        36%        N/A       9%          2

Your spell library contained the following spells:

 Spells                   Type           Power      Damage    Failure   Level
 Confusing Touch          Hex            26%        N/A       9%          3
 Tukima's Dance           Hex            26%        N/A       9%          3
 Dazzling Flash           Conj/Hex       28%        N/A       22%         3
 Inner Flame              Hex/Fire       14%        N/A       22%         3
 Blink                    Tloc           6%         N/A       28%         2
 Lesser Beckoning         Tloc           6%         N/A       28%         2
 Momentum Strike          Conj/Tloc      6%         3d8       28%         2
 Sublimation of Blood     Necr           3%         N/A       28%         2
 Wereblood                Tmut           3%         N/A       28%         2
 Gell's Gravitas          Tloc           3%         N/A       50%         3
 Teleport Other           Tloc           3%         N/A       50%         3
 Volatile Blastmotes      Fire/Tloc      6%         2d10      50%         3
 Fulminant Prism          Conj/Hex       7%         3d7       56%         4
 Flame Wave               Conj/Fire      3%         2d5       88%         4
 Iskenderun's Mystic Bla  Conj/Tloc      3%         2d3       88%         4
 Sticky Flame             Conj/Fire      3%         2d3       88%         4
 Lee's Rapid Deconstruct  Erth           1%         3d4*      99%         5
 Summon Hydra             Summ           1%         N/A       100%        7


Dungeon Overview and Level Annotations

Branches:
Dungeon (5/15)             Temple (0/1) D:4

Altars:
Gozag
Makhleb
Ru
Zin

Annotations:
D:3 2 runed translucent doors, Eeriemist's ghost, amateur TrBe


Innate Abilities, Weirdness & Mutations

Your serpentine skin is tough. (AC +2)
You have supernaturally acute eyesight. (SInv)
Armour fits poorly on your strangely shaped body.
Your system is resistant to poisons. (rPois)
You cover ground very slowly.
You can spit poison.
You have a snake-like lower body.


Message History

You completely miss the orc priest.
The orc priest hits you but does no damage.
The gnoll misses you. The orc priest closely misses you.
The gnoll barely misses you.
You barely miss the orc priest.
You have got your breath back.
The orc priest closely misses you. The gnoll hits you but does no damage.
You closely miss the orc priest. The orc priest barely misses you.
The gnoll hits you with a +0 club.
You closely miss the orc priest.
The orc priest hits you with a +0 trident.
The gnoll hits you but does no damage.
The orc priest invokes the aid of Beogh against you.
Beogh smites you!
* * * LOW HITPOINT WARNING * * *
The gnoll closely misses you.
It was a potion of degeneration.
There was something very wrong with that liquid.
You feel weakened.
You feel dopey.
You feel clumsy.
The orc priest hits you but does no damage.
The gnoll hits you with a +0 club.
* * * LOW HITPOINT WARNING * * *
You feel better.
The orc priest mumbles some strange prayers to Beogh against you.
Beogh smites you!
* * * LOW HITPOINT WARNING * * *
The gnoll completely misses you.
It was a potion of brilliance.
You feel clever all of a sudden.
The orc priest begins to cast a cantrip, but forgets the words!
The gnoll closely misses you.
Aiming: Spit Poison (1% risk of failure)
Press: ? - help, Q - select action, (/) - cycle Shift-Dir - straight line, f/p - orc priest
Aim: an orc priest, wielding a +0 trident (59% to hit)
The splash of poison misses the orc priest.
The splash of poison hits the orc!
The orc is poisoned.
You kill the orc!
The orc priest hits you with a +0 trident.
You die...

#... ..).
..... .....
......
...<.###
#...##########
#..g@oo.....
#.#####.....
#...# ...
#.#.# # #...#
##..# #..####
#.....#
#.....#


You could see an orc priest, a gnoll and an orc.

Vanquished Creatures
  An ice beast (D:4)
  An ogre (D:4)
  2 scorpions
  3 hounds (D:4)
  An iguana (D:4)
  9 gnolls
  An adder (D:2)
  A worm (D:3)
  2 dart slugs
  6 orcs
  6 bats
  7 endoplasms
  2 giant cockroaches (D:4)
  4 hobgoblins
  4 jackals (D:4)
  2 quokkas
  8 ball pythons
  A frilled lizard (D:3)
  5 goblins
  10 kobolds
  4 rats
80 creatures vanquished.

Notes
Turn   | Place    | Note
-------+----------+-------------------------------------------
     0 | D:1      | PublicAnimeNo1 the Naga Enchanter began the quest for the
                  | Orb.
     0 | D:1      | Reached XP level 1. HP: 15/15 MP: 3/3
   120 | D:1      | Reached XP level 2. HP: 24/24 MP: 5/5
   474 | D:1      | Reached skill level 1 in Fighting
   512 | D:1      | Learned a level 2 spell: Ensorcelled Hibernation
   773 | D:2      | Reached XP level 3. HP: 31/31 MP: 6/6
   830 | D:2      | Reached skill level 5 in Stealth
  1069 | D:2      | Reached XP level 4. HP: 20/38 MP: 7/7
  1345 | D:2      | Identified the +1 chain mail of Grace {Int+5}
  1715 | D:3      | Noticed a scorpion
  1726 | D:3      | Killed a scorpion
  1727 | D:3      | Reached XP level 5. HP: 41/45 MP: 6/8
  1844 | D:3      | Identified the +6 mace "Jeesuteu" {protect, rC+ Dex-2
                  | Stlth+}
  2093 | D:3      | Found a runed translucent door.
  2096 | D:3      | Noticed Eeriemist's ghost (amateur TrBe)
  2112 | D:3      | Found a sacrificial altar of Ru.
  2158 | D:3      | Found an opulent altar of Gozag.
  2211 | D:3      | Found a runed translucent door.
  2390 | D:3      | Became a worshipper of Ru the Awakened
  2681 | D:4      | Reached skill level 6 in Stealth
  2681 | D:4      | Reached XP level 6. HP: 55/55 MP: 9/9
  2682 | D:4      | Noticed an ice beast
  2699 | D:4      | Killed an ice beast
  2855 | D:4      | Found a glowing silver altar of Zin.
  2855 | D:4      | Found a burning altar of Makhleb.
  2856 | D:4      | Noticed a cacodemon
  2856 | D:4      | Noticed an angel
  2894 | D:4      | Found a staircase to the Ecumenical Temple.
  2999 | D:4      | Reached skill level 1 in Ice Magic
  2999 | D:4      | Reached XP level 7. HP: 19/62 MP: 10/10
  3271 | D:4      | Reached skill level 7 in Stealth
  3429 | D:5      | Entered Level 5 of the Dungeon
  3465 | D:5      | HP: 1/62 [orc priest/divine providence (13)]
  3467 | D:5      | Slain by an orc priest

Illustrated notes

Levels and vault maps discovered:
D:1:      nicolae_arrival_memento_mori, layout_loops_cross
D:2:      layout_basic, grunt_decor_cap
D:3:      layout_basic, nicolae_overflow_crystal_walls, marbit_many_paths,
          ebering_ghost_sewer_f
D:4:      layout_basic, grunt_temple_overflow_order_and_chaos_2,
          minmay_temple_entry_junction, cheibrodos_gnoll_hut
D:5:      kennysheep_spiral_hall, layout_basic, trog_butcher_becter,
          slow_altar_1, tso_oasis_becter, chequers_ossuary_entry_cave,
          minivault_1, uniq_grinder, uniq_eustachio

Skill      XL: |  1  2  3  4  5  6  7 |
---------------+----------------------+-----
Fighting       | 1 2 3 |  3.1
Short Blades   | 2 3 4 |  4.0
Stealth        | 5 6 7 |  7.0
Hexes          | 4 |  4.6
Ice Magic      | 1 |  1.3
Dodging        | |  1.5
Spellcasting   | |  2.4

Action                     |  1- 3 |  4- 6 |  7- 9 || total
---------------------------+-------+-------+-------++-------
  Melee: Dagger            |    68 |    67 |       ||   135
         Mace              |       |    21 |    43 ||    64
         Punch             |       |     1 |     1 ||     2
   Cast: Ensorcelled Hiber |       |     2 |       ||     2
Ability: Spit Poison       |    21 |    22 |     7 ||    50
    Use: Scroll            |     2 |     5 |     3 ||    10
         Potion            |     1 |     3 |     3 ||     7
   Stab: Sleeping          |     4 |     6 |       ||    10
         Invisible         |       |     1 |     3 ||     4
 Armour: Robe              |    15 |    22 |    33 ||    70
  Dodge: Dodged            |    38 |    43 |    38 ||   119
